 Dungeon Crawl Stone Soup version 0.27-a0-13-g87abb2d9eb (webtiles) character file.

Game seed: 2908666293604198288

272 voltaire321 the Bolt Thrower (level 6, -2/37 HPs)
             Began as a Kobold Hunter on Jan 2, 2021.
             Slain by a river rat (8 damage)
             ... on level 3 of the Dungeon.
             The game lasted 00:11:18 (2496 turns).

voltaire321 the Bolt Thrower (Kobold Hunter)        Turns: 2496, Time: 00:11:18

Health: -2/37      AC:  4    Str: 10    XL:     6   Next: 48%
Magic:  6/6        EV: 16    Int: 12    God:
Gold:   138        SH:  0    Dex: 17    Spells: 5/5 levels left

rFire    . . .     SeeInvis .   b - +0 short sword
rCold    . . .     Faith    .   (shield restricted)
rNeg     . . .     Spirit   .   c - +0 leather armour
rPois    .         Reflect  .   (no helmet)
rElec    .         Harm     .   (no cloak)
rCorr    .         Rampage  .   e - +0 pair of gloves
Will     .....                  (no boots)
Stlth    +++.......             (no amulet)
HPRegen  0.12/turn              (no ring)
MPRegen  0.10/turn              (no ring)

@: no status effects
A: small, nightstalker 3
a: no special abilities


You were on level 3 of the Dungeon.
You visited 1 branch of the dungeon, and saw 4 of its levels.

You collected 138 gold pieces.

Inventory:

Hand Weapons
 a - a +1 hand crossbow
 b - a +0 short sword (weapon)
Missiles
 d - 2 bolts
 w - 5 curare-tipped darts
Armour
 c - a +0 leather armour (worn)
 e - a +0 pair of gloves (worn)
Jewellery
 y - an uncursed ring of see invisible {unknown}
Wands
 s - a wand of digging (6)
Scrolls
 g - a scroll of remove curse {unknown}
 h - 2 scrolls of enchant weapon {unknown}
 j - 3 scrolls of identify {unknown}
 k - a scroll of amnesia {unknown}
 p - a scroll of fear {unknown}
 q - 2 scrolls of teleportation {unknown}
 v - a scroll of fog {unknown}
 x - 2 scrolls of enchant armour {unknown}
Potions
 f - a potion of haste {unknown}
 i - 2 potions of degeneration {unknown}
 l - a potion of berserk rage {unknown}
 m - a potion of attraction {unknown}
 n - 3 potions of mutation {unknown}
 o - a potion of cancellation {unknown}
 r - 3 potions of heal wounds {unknown}
 t - 3 potions of curing {unknown}
 u - a potion of flight {unknown}
 z - a potion of magic {unknown}


   Skills:
 + Level 3.5 Fighting
 + Level 3.2 Short Blades
 + Level 5.9 Crossbows
 + Level 4.0 Dodging
 + Level 3.9 Stealth


You had 5 spell levels left.
You didn't know any spells.
Your spell library was empty.

Dungeon Overview and Level Annotations

Branches:
Dungeon (4/15)
 Temple: D:4-7

Altars:
Makhleb


Innate Abilities, Weirdness & Mutations

You are small and have problems with some larger weapons.
You are completely attuned to the shadows.


Message History

You hit the river rat.
The river rat is severely wounded.
The river rat completely misses you. The river rat closely misses you.
You hit the river rat but do no damage.
The river rat is severely wounded.
The river rat completely misses you.
You hit the river rat but do no damage.
The river rat is severely wounded.
The river rat closely misses you. The river rat misses you.
You hit the river rat.
The river rat is almost dead.
The river rat closely misses you. The river rat barely misses you.
You hit the river rat but do no damage.
The river rat is almost dead.
The river rat closely misses you. The river rat bites you.
* * * LOW HITPOINT WARNING * * *
You hit the river rat but do no damage.
The river rat is almost dead.
The river rat bites you!
You die...

#.###### #.#....#
#.#.#### #.....#
##### ###.####
##...#
#.##.##.###.#
#....#.##...#####
####r#.#....†...≈
#@r......#..(≈
###......#.≈≈≈
#........≈(≈
#######..≈(≈ ###


You could see 2 river rats.

Vanquished Creatures
  An ogre (D:4)
  2 hounds
  A worker ant (D:4)
  3 adders
  A river rat (D:3)
  2 oozes
  An adder skeleton (D:4)
  A worm (D:3)
  2 leopard geckos
  An orc (D:3)
  7 bats
  A giant cockroach (D:1)
  3 goblins
  3 hobgoblins
  4 jackals (D:1)
  6 kobolds
  4 quokkas
  2 ball pythons
  5 frilled lizards
  7 rats
57 creatures vanquished.

Notes
Turn   | Place    | Note
-------+----------+-------------------------------------------
     0 | D:1      | voltaire321 the Kobold Hunter began the quest for the Orb.
     0 | D:1      | Reached XP level 1. HP: 12/12 MP: 1/1
   309 | D:1      | Reached skill level 5 in Crossbows
   309 | D:1      | Reached XP level 2. HP: 18/18 MP: 2/2
   359 | D:1      | Reached skill level 1 in Short Blades
   514 | D:1      | Reached XP level 3. HP: 22/22 MP: 3/3
  1212 | D:2      | You fall into a shaft and drop 2 floors!
  1288 | D:4      | Noticed an ogre
  1297 | D:4      | Killed an ogre
  1298 | D:4      | Reached XP level 4. HP: 28/28 MP: 4/4
  1298 | D:4      | Reached XP level 5. HP: 32/32 MP: 5/5
  1756 | D:4      | Reached XP level 6. HP: 36/37 MP: 6/6
  2059 | D:3      | Found a burning altar of Makhleb.
  2496 | D:3      | Slain by a river rat

Illustrated notes

Levels and vault maps discovered:
D:1:      minmay_arrival_shattered_statue, layout_loops_ring, dk_noncrumbling_4,
          chequers_arboretum, item_on_display_a
D:2:      layout_basic, serial_bayou_ford_a, uniq_natasha
D:3:      layout_loops_cross, makhleb_blood_cavern_becter, portal_sewer_entry_b,
          chequers_ecumenical_altar_twisty
D:4:      layout_loops_ring, serial_shops, shop

Skill      XL: |  1  2  3  4  5  6 |
---------------+-------------------+-----
Crossbows      | 5 |  5.9
Short Blades   | 1 2 3 |  3.2
Stealth        | 2 3 |  3.9
Dodging        | 3 4 |  4.0
Fighting       | 3 |  3.5

Action                   |  1- 3 |  4- 6 || total
-------------------------+-------+-------++-------
Melee: Short sword       |       |    34 ||    34
 Fire: Hand crossbow     |    64 |    79 ||   143
Armor: Leather armour    |     3 |    10 ||    13
Dodge: Dodged            |    11 |    65 ||    76

Table legend: (Time is in decaauts)
 A = Elapsed time spent in this place.
 B = Non-inter-level travel time spent in this place.
 C = Inter-level travel time spent in this place.
 D = Time resting spent in this place.
 E = Time spent auto-exploring this place.
 F = Levels seen in this place.
 G = Mean time per level.
                   A        B        C        D        E       F      G
               +--------+--------+--------+--------+--------+-----+--------+
         Total |   2536 |   2393 |    143 |    509 |    725 |   4 |  634.0 |
       Dungeon |   2536 |   2393 |    143 |    509 |    725 |   4 |  634.0 |
               +--------+--------+--------+--------+--------+-----+--------+

Top non-repeatable levels by time:
     D:1: 1002 daAuts
     D:4: 721 daAuts
     D:3: 578 daAuts
     D:2: 234 daAuts
